 Dungeon Crawl Stone Soup version 0.32-a0-868-g153ae1a (webtiles) character file.

Game seed: 7853612936925579569

579751 Ubbricas the Conqueror (level 27, -45/323 HPs)
             Began as an Oni Warper on Mar 28, 2024.
             Was the Champion of Cheibriados.
             Annihilated by a +0 heavy giant spiked club (49 damage)
             ... on level 15 of a ziggurat.
             The game lasted 02:25:10 (51312 turns).

Ubbricas the Conqueror (Oni Warper)                Turns: 51312, Time: 02:25:10

Health: -45/323    AC: 40    Str: 44 (46) XL:     27
Magic:  49/49      EV: 13    Int: 27 (29) God:    Cheibriados [******]
Gold:   2752       SH:  0    Dex: 17 (19) Spells: 23/52 levels left

rFire   + . .        w - +4 giant spiked club "Jomoan" {flame, rC+ Will+ Int+3}
rCold   + + +        (shield currently unavailable)
rNeg    + . .        r - +12 gold dragon scales
rPois   +            b - +2 hat {Will+}
rElec   +            j - +1 cloak "Bafoomm" {Regen+ Str+3 Int-5 SInv}
rCorr   .            (gloves unavailable)
SInv    +            (boots unavailable)
Will    ++...        B - amulet of Xom's Benevolence {Regen+ MP+9 SInv} Stlth
                     Z - ring of the Pure Mouths {rElec rPois rN+ Dex-4 Stlth+}
HPRegen 2.33/turn    n - ring "Cunum" {rF+ rC+ Will+ EV+5 Str-3}
MPRegen 0.31/turn

%: no passive effects
@: weak-willed, fire vulnerable, fragile (+50% incoming damage), studying 3
skills, silenced, unable to drink, very slow
A: large, unfitting armour, horns 1, tough skin 1, double potion healing,
drunken brawling
}: 3/15 runes: decaying, slimy, gossamer
a: Renounce Religion


You were on level 15 of a ziggurat.
You worshipped Cheibriados.
Cheibriados was exalted by your worship.
You visited 10 branches of the dungeon, and saw 49 of its levels.
You visited the Abyss 1 time.
You visited 1 bazaar.
You visited 1 ziggurat, and saw 15 of its levels.
You also visited: Bailey, Ice Cave and Volcano.

You collected 9013 gold pieces.
You spent 6261 gold pieces at shops.

Inventory:

Hand Weapons
 m - the +7 sceptre of Torment {pain, torment}
   (You found it on level 14 of a ziggurat)
 w - the +4 giant spiked club "Jomoan" (weapon) {flame, rC+ Will+ Int+3}
   (You acquired it in a bailey)

   Int+3:     It affects your intelligence (+3).
   rC+:       It protects you from cold.
   Will+:     It increases your willpower.
 Q - the +1 eveningstar "Brilliance" {foul flame, Umbra}
   (You found it on level 13 of a ziggurat)

   Umbra:     It surrounds you with an aura of shadow, increasing your stealth
   and reducing the accuracy of all others within it.
Missiles
 v - 29 boomerangs
 A - 68 large rocks
 K - 5 throwing nets
 R - 9 javelins
 W - 8 curare-tipped darts
 Y - 7 silver javelins (quivered)
Armour
 b - a +2 hat of willpower (worn)
 j - the +1 cloak "Bafoomm" (worn) {Regen+ Str+3 Int-5 SInv}
   (You acquired it on level 4 of the Dungeon)

   Str+3:     It affects your strength (+3).
   Int-5:     It affects your intelligence (-5).
   SInv:      It lets you see invisible.
   Regen+:    It increases your rate of health regeneration.
 r - +12 gold dragon scales (worn)
Jewellery
 a - the ring of Zoibryuf {Fire *Corrode Fly Str-4 Dex+3}
   (You found it on level 11 of a ziggurat)

   [ring of fire]

   Fire:      It enhances your fire magic.
   Str-4:     It affects your strength (-4).
   Dex+3:     It affects your dexterity (+3).
   rF+:       It protects you from fire.
   rC-:       It makes you vulnerable to cold.
   Fly:       It grants you flight.
   *Corrode:  It may corrode you when you take damage.
 g - the amulet of the Robin {Fly RegenMP+ rCorr Str+2}
   (You found it on level 6 of a ziggurat)

   [amulet of magic regeneration]

   It increases your rate of magic regeneration.
   Str+2:     It affects your strength (+2).
   Fly:       It grants you flight.
   rCorr:     It protects you from acid and corrosion.
   RegenMP+:  It increases your rate of magic regeneration.
 n - the ring "Cunum" (right hand) {rF+ rC+ Will+ EV+5 Str-3}
   (You bought it in a shop on level 11 of the Dungeon)

   [ring of evasion]

   EV+5:      It affects your evasion (+5).
   Str-3:     It affects your strength (-3).
   rF+:       It protects you from fire.
   rC+:       It protects you from cold.
   Will+:     It increases your willpower.
 o - the macabre finger necklace {Finger+ rN+}
   (You found it on level 5 of the Pits of Slime)

   [amulet of nothing]

   Finger+:   It enables you to equip an extra ring.
   rN+:       It protects you from negative energy.
 y - a ring of resist corrosion
 B - the amulet of Xom's Benevolence (around neck) {Regen+ MP+9 SInv}
   (You found it on level 5 of the Pits of Slime)

   [amulet of regeneration]

   MP+9:      It affects your magic capacity (+9).
   SInv:      It lets you see invisible.
   Regen+:    It increases your rate of health regeneration.
 E - the ring "Kaigil" {rF+ rN++}
   (You took it off a guardian mummy on level 3 of the Crypt)

   [ring of protection from fire]

   rF+:       It protects you from fire.
   rN++:      It greatly protects you from negative energy.
 J - the dreamshard necklace {Acrobat *Dream}
   (You found it on level 12 of a ziggurat)

   [amulet of the acrobat]

   *Dream:    It absorbs a single lethal wound into itself, holding its wearer
   just short of death and releasing dream-creatures to guard them.
   Acrobat:   It increases your evasion while moving and waiting.
 N - the ring of Geehi {rC- Str+6 Int+3 Stlth+}
   (You found it on level 13 of a ziggurat)

   [ring of strength]

   Str+6:     It affects your strength (+6).
   Int+3:     It affects your intelligence (+3).
   rC-:       It makes you vulnerable to cold.
   Stlth+:    It makes you more stealthy.
 P - the amulet of Gozag's Reproof {Reflect rC++ Will- SH+5}
   (You found it on level 14 of a ziggurat)

   [amulet of reflection]

   Reflect:   It reflects blocked missile attacks.
   rC++:      It greatly protects you from cold.
   Will-:     It decreases your willpower.
   SH+5:      It affects your SH (+5).
 Z - the ring of the Pure Mouths (left hand) {rElec rPois rN+ Dex-4 Stlth+}
   (You found it in an ice cave)

   [ring of positive energy]

   Dex-4:     It affects your dexterity (-4).
   rElec:     It insulates you from electricity.
   rPois:     It protects you from poison.
   rN+:       It protects you from negative energy.
   Stlth+:    It makes you more stealthy.
Wands
 l - a wand of iceblast (102)
 D - a wand of digging (31)
 T - a wand of quicksilver (26)
Scrolls
 c - 13 scrolls of blinking
 d - 6 scrolls of revelation
 e - a scroll of enchant weapon
 f - a scroll of brand weapon
 k - 15 scrolls of teleportation
 q - 10 scrolls of poison
 s - 12 scrolls of fog
 L - 3 scrolls of silence
 U - 3 scrolls of summoning
 X - 2 scrolls of enchant armour
Potions
 h - 8 potions of mutation
 i - 6 potions of resistance
 t - 11 potions of enlightenment
 u - 4 potions of curing
 z - 4 potions of might
 C - 11 potions of brilliance
 F - 3 potions of cancellation
 G - 4 potions of invisibility
 H - 4 potions of ambrosia
 I - 7 potions of magic
 M - 14 potions of heal wounds
 O - 3 potions of lignification
 V - 4 potions of attraction
Miscellaneous
 p - a lightning rod (2/4)
 x - a tin of tremorstones (inert)
 S - a sack of spiders


   Skills:
 O Level 27 Fighting
 + Level 25.0 Maces & Flails
 + Level 13.6 Throwing
 * Level 18.7 Armour
 - Level 5.2 Dodging
 + Level 13.0 Spellcasting
 + Level 19.8 Translocations
 - Level 5.0 Air Magic
 - Level 10.0 Invocations
 + Level 3.6 Evocations


You had 23 spell levels left.
You knew the following spells:

 Your Spells              Type           Power      Damage    Failure   Level
a - Blink                 Tloc           100%       N/A       0%          2
b - Lesser Beckoning      Tloc           100%       N/A       0%          2
c - Maxwell's Portable P  Tloc           90%        2d(19-37) 1%          4
d - Vhi's Electric Charg  Tloc/Air       100%       N/A       1%          4
e - Iskenderun's Mystic   Conj/Tloc      63%        2d13      (+2d73%     4
f - Summon Forest         Summ/Tloc      31%        N/A       9%          5
g - Disjunction           Tloc           45%        N/A       32%         8

Your spell library contained the following spells:

 Spells                   Type           Power      Damage    Failure   Level
 Apportation              Tloc           100%       N/A       0%          1
 Teleport Other           Tloc           90%        N/A       0%          3
 Volatile Blastmotes      Fire/Tloc      100%       2d18      1%          3
 Passage of Golubria      Tloc           90%        N/A       1%          4
 Dimensional Bullseye     Hex/Tloc       31%        N/A       3%          4
 Shock                    Conj/Air       100%       1d9       6%          1
 Swiftness                Air            44%        N/A       6%          3
 Mercury Vapours          Alch/Air       62%        N/A       9%          2
 Static Discharge         Conj/Air       62%        3-6/arc   9%          2
 Cigotuvi's Dreadful Rot  Necr/Alch/Air  52%        N/A       13%         2
 Foxfire                  Conj/Fire      68%        2x1d7     17%         1
 Freeze                   Ice            68%        1d8       17%         1
 Kiss of Death            Conj/Necr      68%        2d10      17%         1
 Magic Dart               Conj           68%        1d6       17%         1
 Necrotise                Necr           68%        1d7       17%         1
 Sandblast                Erth           34%        2d9       17%         1
 Sting                    Conj/Alch      68%        1d7       17%         1
 Summon Small Mammal      Summ           68%        N/A       17%         1
 Airstrike                Air            22%        2d(4-20)  22%         4
 Call Imp                 Summ           34%        N/A       26%         2
 Scorch                   Fire           34%        2d6       26%         2
 Mephitic Cloud           Conj/Alch/Air  26%        N/A       26%         3
 Call Canine Familiar     Summ           17%        N/A       45%         3
 Frozen Ramparts          Ice            34%        1d6       45%         3
 Hailstorm                Conj/Ice       17%        3d6       45%         3
 Inner Flame              Hex/Fire       17%        N/A       45%         3
 Sigil of Binding         Hex            17%        N/A       45%         3
 Stone Arrow              Conj/Erth      34%        3d9       45%         3
 Summon Ice Beast         Ice/Summ       17%        N/A       45%         3
 Tukima's Dance           Hex            17%        N/A       45%         3
 Vampiric Draining        Necr           17%        2d7       45%         3
 Summon Lightning Spire   Summ/Air       31%        N/A       52%         4
 Anguish                  Hex/Necr       8%         N/A       86%         4
 Animate Armour           Summ/Erth      34%        N/A       86%         4
 Cause Fear               Hex            8%         N/A       86%         4
 Flame Wave               Conj/Fire      17%        2d7       86%         4
 Fulminant Prism          Conj/Alch      8%         3d7       86%         4
 Ignite Poison            Fire/Alch      17%        N/A       86%         4
 Leda's Liquefaction      Alch/Erth      8%         N/A       86%         4
 Martyr's Knell           Necr/Summ      17%        N/A       86%         4
 Olgreb's Toxic Radiance  Alch           17%        N/A       86%         4
 Petrify                  Alch/Erth      17%        N/A       86%         4
 Sticky Flame             Fire/Alch      17%        2d5       86%         4
 Arcjolt                  Conj/Air       15%        1d25      86%         5
 Silence                  Hex/Air        15%        N/A       86%         5
 Malign Gateway           Summ/Tloc      31%        N/A       94%         7
 Borgnjor's Vile Clutch   Necr/Erth      8%         N/A       99%         5
 Curse of Agony           Necr           17%        N/A       99%         5
 Fireball                 Conj/Fire      8%         3d6       99%         5
 Lee's Rapid Deconstruct  Erth           8%         3d7*      99%         5
 Summon Mana Viper        Hex/Summ       17%        N/A       99%         5
 Conjure Ball Lightning   Conj/Air       15%        3x3d6     100%        6
 Death Channel            Necr           8%         N/A       100%        6
 Eringya's Noxious Bog    Alch           8%         4d6       100%        6
 Permafrost Eruption      Ice/Erth       8%         2x4d4     100%        6
 Plasma Beam              Fire/Air       15%        2x1d27    100%        6
 Sculpt Simulacrum        Ice/Alch       8%         N/A       100%        6
 Starburst                Conj/Fire      8%         6d4       100%        6
 Summon Cactus Giant      Summ           8%         N/A       100%        6
 Enfeeble                 Hex            8%         N/A       100%        7
 Haunt                    Necr/Summ      8%         N/A       100%        7
 Monstrous Menagerie      Summ           8%         N/A       100%        7
 Orb of Destruction       Conj           8%         9d6       100%        7
 Ozocubu's Refrigeration  Ice            8%         4d9       100%        7
 Spellforged Servitor     Conj/Summ      8%         N/A       100%        7
 Summon Hydra             Summ           8%         N/A       100%        7
 Borgnjor's Revivificati  Necr           8%         N/A       100%        8
 Discord                  Hex            8%         N/A       100%        8
 Ignition                 Fire           8%         3d5       100%        8
 Lehudib's Crystal Spear  Conj/Erth      8%         10d4      100%        8
 Maxwell's Capacitive Co  Air            22%        ∞         100%        8
 Summon Horrible Things   Summ           8%         N/A       100%        8
 Chain Lightning          Conj/Air       15%        3d20      100%        9
 Death's Door             Necr           8%         N/A       100%        9
 Dragon's Call            Summ           8%         N/A       100%        9
 Polar Vortex             Ice            8%         12d1*     100%        9


Dungeon Overview and Level Annotations

Branches:
Dungeon (15/15)            Temple (0/1) D:7            Lair (5/5) D:9
  Swamp (4/4) Lair:2       Spider (4/4) Lair:3        Slime (5/5) Lair:5
    Orc (2/2) D:10            Elf (3/3) Orc:2        Vaults (4/5) D:13
  Crypt (3/3) Vaults:2       Tomb (0/3) Crypt:3      Depths (4/4) D:15
    Zot (0/5) Depths:4     Bailey (visited)           IceCv (visited)
Volcano (visited)

Altars:
Ashenzari
Cheibriados
Elyvilon
Fedhas
Hepliaklqana
Kikubaaqudgha
Makhleb
Nemelex Xobeh
Okawaru
Qazlal
Ru
Sif Muna
Uskayaw
Wu Jian
Xom
Zin
Beogh
Jiyva

Shops:
D:8 (*((   D:11 ?=[([   Orc:2 *([=   Elf:3 =:=*   Vaults:1 [   Vaults:2 !
Depths:1 ?

Portals:
Hell: Depths:1 Depths:2 Depths:4
Abyss: Depths:2 Depths:3
Pandemonium: Depths:1 Depths:2

Annotations:
D:6 1 runed translucent door, Crazy Yiuf
D:8 2 transporters, Lovepenguin's ghost, novice AtFi
Elf:2 3 runed translucent doors


Innate Abilities, Weirdness & Mutations

You are too large for most types of armour.
You have a pair of small horns on your head.
You have tough skin. (AC +1)
You gain doubled healing and magic from potions.
Whenever you drink a healing potion, you attack all around you.


Message History

Unknown command.
The glowing shapeshifter changes into a lindwurm!
The Killer Klown blinks!
The +0 heavy giant spiked club hits you!!
The protean progenitor is engulfed in excruciating misery.
The Killer Klown blinks!
The chaos spawn attacks as it pursues you!
The chaos spawn trunk-slaps you but does no damage.
The +0 heavy giant club hits you!
The Killer Klown blinks!
The protean progenitor is engulfed in excruciating misery.
The Killer Klown blinks!
The chaos spawn tentacle-slaps you but does no damage.
You see here a ring of flight.
Unknown command.
Unknown command.
Unknown command.
The Killer Klown says something but you don't hear anything.
The Killer Klown blinks!
The +0 heavy giant spiked club hits you!!!
The +0 heavy giant club hits you but does no damage.
The Killer Klown blinks!
The +4 orcbow shoots an arrow.
The arrow hits you but does no damage.
The Killer Klown blinks!
You see here a ring of fire.
Unknown command.
The shock serpent changes into an elephant!
The Killer Klown blinks!
The +0 heavy giant spiked club attacks as it pursues you!
The +0 heavy giant spiked club hits you!!!
* * * LOW HITPOINT WARNING * * *
The +4 orcbow attacks as it pursues you!
The +4 orcbow hits you!
* * * LOW HITPOINT WARNING * * *
The protean progenitor is engulfed in excruciating misery.
The +0 heavy giant club hits you!!
* * * LOW HITPOINT WARNING * * *
The +4 orcbow shoots an arrow.
The arrow hits you.
* * * LOW HITPOINT WARNING * * *
The +0 heavy giant spiked club hits you!!
You die...
Cheibriados appreciates the motionlessness of death.

▓▓▓ ▓▓▓▓▓▓▓
▓... .......▓▓
..☼.
........▓▓
.&○.
°☼.°.....▓▓
..(.
○○....t..=▓▓
(1.☼
☼.○..○kG&&(▓▓
.C..
°....4Cp&4(@▓
....
..§...(§&?(>[▓
....
....§..Y:pp∩▓▓
....
.........?[▓▓
....
.........?▓▓
....
.........▓▓
.... .......▓▓
▓... .....▓
▓▓▓


You could see Cilif, Ecaedd (silencing, unsilenced), Eto Afuor (clouds,
unsilenced), Ovunaaff (unsilenced), 3 Killer Klowns, a protean progenitor, an
elephant shaped shifter, an eye of devastation (unsilenced), a lindwurm shaped
shifter (unsilenced), an apocalypse crab (unsilenced), 2 chaos spawn and 4
dancing weapons.

Vanquished Creatures
  the Royal Jelly (Slime:5)
  Frederick (Crypt:1)
  Khufu (Crypt:3)
  An orb of fire (Zig:3)
  3 juggernauts (Depths:4)
  Xtahua (Vaults:3)
  2 royal mummies (Zig:11)
  Vv (Crypt:1)
  Bai Suzhen (Vaults:3)
  5 caustic shrikes
  Margery (Depths:3)
  Saint Roka (Vaults:2)
  3 golden dragons (Depths:4)
  A profane servitor (Crypt:3)
  Arachne (Spider:4)
  2 bone dragons
  3 doom hounds (Crypt:1)
  Jorgrun (Orc:1)
  A tentacled monstrosity (Depths:4)
  A hellephant (Zig:5)
  Grunn (Crypt:1)
  Zenata (Vaults:2)
  6 liches
  A titan (Depths:4)
  Asterion (Vaults:1)
  A searing wretch (Depths:3)
  4 deep elf blademasters
  2 sphinxes
  4 deep elf master archers
  3 tentacled starspawn
  2 ancient champions
  Gastronok (D:8)
  7 acid blobs
  Frances (Spider:2)
  6 tengu reavers
  2 storm dragons (Depths:4)
  2 revenants
  Donald (Spider:2)
  A shadow dragon (Depths:4)
  A thorn hunter (Swamp:4)
  Roxanne (Spider:2)
  8 rockslimes
  10 azure jellies
  6 frost giants
  10 emperor scorpions
  12 vault wardens
  8 deep elf sorcerers
  3 fire giants
  A draconian shifter (Depths:4)
  13 ghost moths
  A draconian scorcher (Depths:4)
  4 deep elf elementalists
  2 juggernaut zombies
  2 draconian annihilators
  2 curse skulls (Crypt:2)
  3 ghouls
  13 stone giants
  14 ironbound preservers
  5 broodmothers
  9 orc warlords
  9 quicksilver oozes
  6 formless jellyfish
  6 very ugly things
  8 eleionomae
  12 ironbound thunderhulks
  A green draconian (Depths:4)
  7 deep elf demonologists
  7 deep elf death magi
  Azrael (D:13)
  A lorocyproca (Abyss:2)
  5 deep elf annihilators
  7 spark wasps
  A white draconian (Depths:4)
  4 vampire knights
  16 dire elephants
  6 bunyips
  A war gargoyle (Vaults:3)
  2 red draconians (Depths:4)
  An eidolon (Crypt:1)
  5 green deaths
  19 jiangshi
  7 fire dragons
  8 entropy weavers
  A merfolk impaler (Zig:14)
  4 merfolk javelineers (Zig:14)
  2 shambling mangroves
  3 deep elf high priests
  4 mummy priests
  6 ettins
  17 yaktaur captains
  6 great orbs of eyes
  7 ice dragons
  5 rakshasas
  19 hydras
  A spriggan zombie (Depths:3)
  17 vault guards
  9 alligators
  4 jorogumos
  3 ogre magi
  A peacekeeper (Vaults:3)
  A ghost crab (Swamp:3)
  8 ironbound frosthearts
  5 radroaches
  3 spriggan air magi
  An Orb Guardian skeleton (Crypt:2)
  2 spriggan skeletons
  4 catoblepae
  11 dancing weapons
  13 centaur warriors
  6 death knights
  4 boulder beetles
  4 merfolk aquamancers
  An alligator snapping turtle (Zig:14)
  9 two-headed ogres
  8 tengu warriors
  10 death yaks
  3 death scarabs (Zig:11)
  6 deep troll shamans
  A hell hog (Abyss:2)
  3 deep troll earth magi
  A sphinx skeleton (Depths:3)
  11 demonic crawlers
  6 occultists
  5 vampire magi
  A spectral storm dragon (Crypt:3)
  7 orc high priests
  A spectral dire elephant (Crypt:3)
  A titan skeleton (Depths:3)
  2 sun demons
  16 deep elf knights
  3 spriggan berserkers
  2 skysharks
  17 hell knights
  2 wretched stars (Zig:7)
  7 iron trolls
  6 sea snakes (Zig:14)
  26 skeletal warriors
  10 goliath frogs
  4 pharaoh ants
  2 sixfirhies
  8 flayed ghosts
  An orb spider (shapeshifter) (Zig:13)
  5 shadow wraiths
  A storm dragon skeleton (Crypt:2)
  5 spriggan druids
  48 deep trolls
  15 deep elf archers
  A shadow demon (Depths:2)
  A spatial maelstrom (Zig:7)
  7 arcanists
  16 bog bodies
  21 ironbound convokers
  12 steelbarb worms
  13 swamp dragons
  10 orb spiders
  12 harpies
  A lindwurm (shapeshifter) (Vaults:3)
  A thermic dynamo (Elf:3)
  A glowing orange brain (Depths:4)
  17 lindwurms
  34 wolf spiders
  10 necromancers
  A spectral hydra (Crypt:3)
  27 deep elf zephyrmancers
  7 phantasmal warriors
  A tengu zombie (Zig:11)
  A wolf spider zombie (Crypt:1)
  4 shining eyes
  19 deep elf pyromancers
  21 orc knights
  A human zombie (Crypt:1)
  2 tengu skeletons
  26 ugly things
  9 orc sorcerers
  5 cyclopes
  3 manticores
  4 salamanders (Volcano)
  A moth of wrath (shapeshifter) (Vaults:3)
  6 will-o-the-wisps
  A worldbinder (Abyss:2)
  An iron dragon skeleton (Crypt:2)
  5 moths of wrath
  3 black mambas
  Joseph (D:8)
  A meliai (Zig:9)
  6 elephants
  A rust devil (Depths:2)
  A black mamba (shapeshifter) (Zig:13)
  7 torpor snails
  A smoke demon (Abyss:2)
  An ice statue (IceCv)
  21 vault sentinels
  An eye of devastation (Slime:5)
  5 kobold blastminers
  4 water nymphs (Zig:14)
  A water nymph (shapeshifter) (Depths:4)
  12 cane toads
  2 gargoyles (Volcano)
  4 molten gargoyles (Volcano)
  8 large abominations
  An orb spider zombie (Crypt:1)
  A centaur skeleton (Crypt:1)
  A hellion (Depths:1)
  An unseen horror zombie (Crypt:2)
  4 unseen horrors (shapeshifter)
  A dire elephant skeleton (Crypt:2)
  3 rime drakes
  15 komodo dragons
  32 yaktaurs
  A steelbarb worm zombie (Crypt:1)
  3 tengu conjurers
  2 anaconda simulacra (IceCv)
  4 ancient zymes
  5 freezing wraiths
  An efreet (D:14)
  13 ice devils (IceCv)
  A kobold demonologist (D:12)
  16 guardian mummies
  A bunyip simulacrum (Crypt:3)
  A hellwing (Abyss:2)
  A death yak skeleton (Crypt:1)
  A hydra zombie (Crypt:1)
  2 wind drakes (Zig:14)
  2 merfolk (Zig:14)
  4 polar bears
  14 tarantellas
  2 bloated husks (Swamp:1)
  6 trolls
  A shadow dragon simulacrum (Crypt:1)
  A tyrant leech (Swamp:3)
  8 hornets
  5 blink frogs
  2 glass eyes
  2 ettin zombies
  A raiju (Zig:1)
  2 snapping turtles (shapeshifter)
  11 dream sheep
  A merfolk zombie (Crypt:1)
  14 jumping spiders
  3 snapping turtles (Zig:14)
  5 air elementals
  11 wraiths
  58 slime creatures
  A vampire (D:9)
  3 shadows (Crypt:3)
  A wyvern (shapeshifter) (Vaults:3)
  2 small abominations
  3 wyverns
  A dire elephant simulacrum (IceCv)
  19 culicivoras
  A black mamba skeleton (Crypt:1)
  5 spriggans
  4 ynoxinuls
  8 water elementals
  55 yaks
  3 fire elementals
  22 starcursed masses (Abyss:2)
  4 basilisks
  An ushabti (Zig:11)
  Eustachio (D:4)
  11 wargs
  9 golden eyes
  2 steam dragons
  39 redbacks
  3 death yak simulacra
  A neqoxec (Abyss:2)
  4 vampire mosquitoes (D:11)
  A faun zombie (Crypt:1)
  15 swamp worms
  2 harpy simulacra (IceCv)
  14 water moccasins
  A water nymph skeleton (Crypt:2)
  2 hydra simulacra (IceCv)
  A two-headed ogre zombie (Crypt:1)
  A merfolk skeleton (Crypt:1)
  2 acid dragons
  3 hell hounds (D:13)
  2 swamp drakes (Swamp:4)
  7 black bears
  3 sky beasts
  45 laughing skulls
  51 orc warriors
  An ice beast (D:5)
  10 ogres
  5 wolves (Lair:5)
  8 centaurs
  A phantom (D:5)
  3 weeping skulls
  2 kobold brigands
  A gnoll sergeant (D:9)
  3 earth elementals (Elf:3)
  9 bullfrogs
  2 two-headed ogre simulacra
  A wyvern zombie (Crypt:1)
  Blork the orc (D:4)
  3 scorpions
  4 cane toad simulacra (IceCv)
  4 burial acolytes (Crypt:3)
  A polar bear zombie (Crypt:1)
  4 killer bees (D:8)
  3 elephant simulacra (IceCv)
  12 electric eels
  4 howler monkeys
  2 bombardier beetles
  2 jellies
  A quasit (Abyss:2)
  17 orc priests
  A gnoll bouda (D:6)
  6 hounds
  2 sleepcaps
  7 hell rats (Lair:5)
  3 iguanas
  21 orc wizards
  Natasha (thrice) (D:4)
  6 polar bear simulacra
  3 troll simulacra
  3 spriggan simulacra
  7 wolf simulacra
  9 mummies (Zig:11)
  5 adders
  13 gnolls
  2 naga simulacra
  A shadow imp (D:7)
  A white imp (D:5)
  4 ufetubi
  4 dart slugs
  2 ribbon worms
  60 orcs
  8 ball pythons
  A bat zombie (Crypt:2)
  9 endoplasms
  2 giant cockroaches
  15 goblins
  14 hobgoblins
  11 jackals
  12 kobolds
  7 quokkas
  6 bats
  4 frilled lizards
  11 rats
  A spectral kobold (D:1)
  A spectral weapon (Vaults:1)
  5 starspawn tentacles
2145 creatures vanquished.

Vanquished Creatures (collateral kills)
  A hydra (Swamp:4)
  2 orc high priests (Bailey)
  2 yaks (D:8)
  An orc wizard (D:6)
  5 gnolls
  4 orcs
15 creatures vanquished.

Vanquished Creatures (others)
  A Killer Klown (Zig:15)
  A fire giant (Depths:2)
  A very ugly thing (Zig:15)
  A hydra (Swamp:4)
  2 deep elf knights
  A deep elf zephyrmancer (Zig:13)
  2 bloated husks
  A yak (D:8)
  2 orc warriors (Orc:2)
  A laughing skull (Crypt:3)
  A human (D:3)
  An orc wizard (D:6)
  A gnoll (D:9)
  A white imp (D:6)
  An orc (D:4)
  14 foxfires
  5 starspawn tentacles
37 creatures vanquished.

Grand Total: 2197 creatures vanquished

Notes
Turn   | Place    | Note
-------+----------+-------------------------------------------
     0 | D:1      | Ubbricas the Oni Warper began the quest for the Orb.
     0 | D:1      | Reached XP level 1. HP: 22/22 MP: 3/3
     6 | D:1      | Noticed a scorpion
     6 | D:1      | Noticed a polar bear
     6 | D:1      | Noticed a swamp worm
     7 | D:1      | Noticed a komodo dragon
     7 | D:1      | Noticed a wolf
    96 | D:1      | Found a faded altar of an unknown god.
   114 | D:1      | Reached XP level 2. HP: 28/29 MP: 5/5
   119 | D:1      | Reached skill level 3 in Fighting
   314 | D:1      | Reached XP level 3. HP: 27/37 MP: 6/6
  1001 | D:2      | Learned a level 2 spell: Blink
  1004 | D:2      | Learned a level 2 spell: Lesser Beckoning
  1103 | D:2      | Reached XP level 4. HP: 36/46 MP: 7/7
  1869 | D:3      | Reached skill level 4 in Fighting
  1869 | D:3      | Reached XP level 5. HP: 46/54 MP: 8/8
  1962 | D:3      | Found a snail-covered altar of Cheibriados.
  2122 | D:3      | Found an ancient bone altar of Kikubaaqudgha.
  2122 | D:3      | Noticed a human
  2125 | D:3      | Killed a human
  2562 | D:3      | Found a broken altar of Ashenzari.
  2562 | D:3      | Found a sacrificial altar of Ru.
  2563 | D:3      | Found a blossoming altar of Fedhas.
  2707 | D:3      | Reached XP level 6. HP: 47/63 MP: 9/9
  3008 | D:4      | Noticed Blork the orc
  3026 | D:4      | Killed Blork the orc
  3108 | D:4      | Reached skill level 5 in Maces & Flails
  3120 | D:4      | Reached skill level 5 in Fighting
  3293 | D:4      | Reached XP level 7. HP: 72/72 MP: 10/10
  3400 | D:4      | Noticed Natasha
  3408 | D:4      | Killed Natasha
  3446 | D:4      | Got Commencing Spellcasting
  3489 | D:4      | Noticed Eustachio
  3520 | D:4      | Killed Eustachio
  3767 | D:4      | You are sucked into a shaft and drop 3 floors!
  3874 | D:6      | Reached skill level 6 in Fighting
  4117 | D:6      | Reached XP level 8. HP: 62/83 MP: 11/11
  4677 | D:6      | Found a sparkling altar of Nemelex Xobeh.
  4687 | D:6      | Learned a level 4 spell: Maxwell's Portable Piledriver
  4734 | D:5      | Entered Level 5 of the Dungeon
  4923 | D:4      | Noticed Natasha
  4933 | D:4      | Killed Natasha
  5020 | D:4      | Reached skill level 7 in Fighting
  5262 | D:4      | Noticed Natasha
  5271 | D:4      | Killed Natasha
  5272 | D:4      | Reached skill level 5 in Throwing
  5281 | D:4      | Identified 2 scrolls of acquirement
  5281 | D:4      | Acquired 1001 gold pieces
  5282 | D:4      | Acquired the +1 cloak "Bafoomm" {Regen+ Str+3 Int-5 SInv}
  5538 | D:5      | Found a white marble altar of Elyvilon.
  5614 | D:5      | Reached XP level 9. HP: 92/94 MP: 12/12
  5684 | D:5      | Reached skill level 8 in Fighting
  5771 | D:5      | Found a hazy altar of Hepliaklqana.
  6084 | D:6      | Learned a level 4 spell: Vhi's Electric Charge
  6142 | D:6      | Found a runed translucent door.
  6143 | D:6      | Noticed Crazy Yiuf
  6478 | D:7      | Found a staircase to the Ecumenical Temple.
  6484 | D:7      | Noticed a hornet
  6492 | D:7      | Killed a hornet
  7541 | D:8      | Noticed Gastronok
  7541 | D:8      | Noticed Joseph
  7600 | D:8      | Noticed Lovepenguin's ghost (novice AtFi)
  7656 | D:8      | Noticed a white ugly thing
  7657 | D:8      | Found a transporter.
  7681 | D:7      | Reached skill level 9 in Fighting
  7730 | D:8      | Found Zefon's Weapon Boutique.
  7730 | D:8      | Found Jimomeggigh's Antique Weapon Boutique.
  7730 | D:8      | Found Leitep's General Store.
  7773 | D:8      | Reached XP level 10. HP: 81/107 MP: 14/16
  7841 | D:8      | Killed Joseph
  7855 | D:8      | Killed Gastronok
  7856 | D:8      | Reached skill level 10 in Maces & Flails
  7975 | D:8      | Found a transporter.
  7982 | D:8      | Found a hide-covered altar of Uskayaw.
  8056 | D:8      | Reached skill level 5 in Spellcasting
  8314 | D:8      | Found Egibroq's Weapon Shoppe.
  8342 | D:8      | Found a glowing silver altar of Zin.
  8343 | D:8      | Found a burning altar of Makhleb.
  8344 | D:8      | Noticed a blizzard demon
  8344 | D:8      | Noticed an angel
  8512 | D:9      | Reached skill level 10 in Fighting
  8624 | D:8      | Bought a potion of curing for 36 gold pieces
  8641 | D:9      | Found a staircase to the Lair.
  8869 | D:9      | Reached XP level 11. HP: 117/117 MP: 19/19
  8913 | D:9      | Reached skill level 5 in Translocations
  8917 | D:9      | Found a shimmering altar of Xom.
  9342 | D:10     | Entered Level 10 of the Dungeon
  9357 | D:10     | Found a staircase to the Orcish Mines.
  9375 | D:10     | Noticed a two-headed ogre
  9519 | D:10     | Found a flagged portal.
  9528 | Bailey   | Entered a bailey
  9750 | Bailey   | Noticed an orc knight
  9780 | Bailey   | Killed an orc knight
  9852 | Bailey   | Acquired the +4 giant spiked club "Jomoan" {flame, rC+
                  | Will+ Int+3}
  9989 | Bailey   | Found an iron altar of Okawaru.
  9989 | Bailey   | Noticed an orc high priest
  9989 | Bailey   | Noticed an orc high priest
  9989 | Bailey   | Noticed an orc knight
  9993 | Bailey   | Killed an orc high priest
  9996 | Bailey   | Killed an orc high priest
 10019 | Bailey   | Killed an orc knight
 10149 | D:10     | Killed a two-headed ogre
 10389 | D:10     | Found an ornate altar of the Wu Jian Council.
 10407 | D:10     | Reached skill level 11 in Fighting
 10488 | D:10     | Found a shimmering blue altar of Sif Muna.
 10777 | Lair:1   | Entered Level 1 of the Lair of Beasts
 10989 | D:3      | Became a worshipper of Cheibriados the Contemplative
 11143 | Lair:1   | Reached XP level 12. HP: 130/130 MP: 22/22
 11904 | Lair:2   | Reached * piety under Cheibriados
 12120 | Lair:2   | Noticed an eight-headed hydra
 12127 | Lair:2   | Killed an eight-headed hydra
 12145 | Lair:2   | Noticed a boulder beetle
 12211 | Lair:2   | Killed a boulder beetle
 12212 | Lair:2   | Reached skill level 15 in Maces & Flails
 12546 | Lair:2   | Identified the +0 helmet of the Durable God {rElec}
 12710 | Lair:2   | Found a staircase to the Swamp.
 13102 | Lair:3   | Reached ** piety under Cheibriados
 13172 | Lair:3   | Reached skill level 1 in Invocations
 13211 | Lair:3   | Reached XP level 13. HP: 78/137 MP: 23/23
 13213 | Lair:3   | Reached skill level 1 in Armour
 13666 | Lair:3   | Reached *** piety under Cheibriados
 13952 | Lair:3   | Found a hole to the Spider Nest.
 14815 | Lair:5   | Entered Level 5 of the Lair of Beasts
 14983 | Lair:5   | Reached **** piety under Cheibriados
 15020 | Lair:5   | Reached skill level 12 in Fighting
 15089 | Lair:5   | Found a dark tunnel.
 15097 | Volcano  | Entered a volcano
 15272 | Volcano  | Reached XP level 14. HP: 50/150 MP: 13/26
 15359 | Volcano  | Noticed an orb of fire
 15360 | Volcano  | Noticed an orb of fire
 15677 | Lair:5   | Reached skill level 1 in Air Magic
 15778 | Lair:5   | Found a viscous altar of Jiyva.
 15778 | Lair:5   | Found a staircase to the Slime Pits.
 15876 | Lair:5   | Reached ***** piety under Cheibriados
 16118 | Lair:5   | Reached skill level 5 in Invocations
 16182 | Lair:5   | Noticed a dire elephant
 16185 | Lair:5   | Killed a dire elephant
 16697 | Orc:1    | Entered Level 1 of the Orcish Mines
 16709 | Orc:1    | Noticed an orc warlord
 16728 | Orc:1    | Killed an orc warlord
 16971 | Orc:1    | Noticed Jorgrun
 16988 | Orc:1    | Killed Jorgrun
 16989 | Orc:1    | Reached skill level 5 in Dodging
 17127 | Orc:1    | Found a roughly hewn altar of Beogh.
 17421 | Orc:2    | Entered Level 2 of the Orcish Mines
 17421 | Orc:2    | Found Zaunliv's General Store.
 17423 | Orc:2    | Noticed an orc warlord
 17437 | Orc:2    | Killed an orc warlord
 17602 | Orc:2    | Reached skill level 13 in Fighting
 17606 | Orc:2    | Found Vete's Antique Armour Shoppe.
 17739 | Orc:2    | Bought a potion of magic for 80 gold pieces
 17739 | Orc:2    | Bought a scroll of enchant armour for 75 gold pieces
 17739 | Orc:2    | Bought a potion of curing for 30 gold pieces
 17739 | Orc:2    | Bought a scroll of amnesia for 40 gold pieces
 17739 | Orc:2    | Bought a scroll of identify for 20 gold pieces
 17861 | Orc:2    | Found Cehyocvi's Antique Weapon Shoppe.
 17899 | Orc:2    | Found a staircase to the Elven Halls.
 17925 | Orc:2    | Found Bikadu's Jewellery Shoppe.
 17935 | Orc:2    | Reached ****** piety under Cheibriados
 18283 | Orc:2    | Bought glowing gold dragon scales for 2407 gold pieces
 18415 | D:11     | Found Nylammea's Antique Armour Shoppe.
 18646 | D:11     | Reached XP level 15. HP: 153/161 MP: 23/28
 18718 | D:11     | Found Nolocan's Weapon Shoppe.
 18771 | D:11     | Found Uxiomik's Jewellery Emporium.
 18795 | D:11     | Found Puchajutumm's Magic Scroll Shoppe.
 18805 | D:11     | Bought a scroll of teleportation for 45 gold pieces
 18863 | D:11     | Found Heatet's Antique Armour Boutique.
 18931 | D:11     | Identified the ring of Inlom {*Corrode rPois Str+5}
 19176 | D:12     | Reached skill level 5 in Armour
 19236 | D:12     | Found a frozen archway.
 19270 | IceCv    | Entered an ice cave
 19439 | IceCv    | Found an ancient bone altar of Kikubaaqudgha.
 19711 | IceCv    | Identified the ring of the Pure Mouths {rElec rPois rN+
                  | Dex-4 Stlth+}
 20022 | D:12     | Acquired a manual of Translocations
 20105 | D:12     | Reached skill level 14 in Fighting
 20651 | D:13     | Found a gate to the Vaults.
 20728 | D:13     | Noticed Azrael
 20735 | D:13     | Killed Azrael
 21550 | D:14     | Found a sacrificial altar of Ru.
 21638 | D:14     | Reached skill level 10 in Translocations
 21948 | D:11     | Bought the ring "Cunum" {rF+ rC+ Will+ EV+5 Str-3} for 731
                  | gold pieces
 22056 | D:15     | Entered Level 15 of the Dungeon
 22058 | D:15     | Found a stormy altar of Qazlal.
 22104 | D:15     | Reached XP level 16. HP: 124/174 MP: 29/29
 22627 | D:15     | Reached skill level 10 in Spellcasting
 22725 | D:15     | Reached skill level 15 in Fighting
 22728 | D:15     | Found a staircase to the Depths.
 23113 | Elf:1    | Entered Level 1 of the Elven Halls
 23400 | Elf:1    | Reached skill level 5 in Air Magic
 23484 | Elf:1    | Got Saeg's Encyclopedia of Injury and the Gathering
 23698 | Elf:1    | Paralysed by an air elemental for 1 turns
 23792 | Elf:1    | Paralysed by an air elemental for 1 turns
 24575 | Elf:2    | Found a runed translucent gate.
 24575 | Elf:2    | Found a runed translucent gate.
 24577 | Elf:2    | Found a runed translucent gate.
 24644 | Elf:3    | Entered Level 3 of the Elven Halls
 24654 | Elf:3    | Reached skill level 16 in Fighting
 24747 | Elf:3    | Reached XP level 17. HP: 187/187 MP: 31/31
 25218 | Elf:3    | Found Woaneocuvall's Jewellery Emporium.
 25220 | Elf:3    | Found Zeer's Book Boutique.
 25221 | Elf:3    | Found Kuguiceh's Jewellery Emporium.
 25322 | Elf:3    | Found Buapp's Assorted Antiques.
 25335 | Elf:3    | Bought a scroll labelled OSCHUIH GIETA for 36 gold pieces
 25335 | Elf:3    | Bought a scroll of enchant armour for 270 gold pieces
 25879 | Elf:3    | Noticed a Brimstone Fiend
 25883 | Elf:3    | Noticed a deep elf blademaster
 25889 | Elf:3    | Noticed a deep elf master archer
 25890 | Elf:3    | Killed a deep elf blademaster
 26142 | Elf:3    | Killed a deep elf master archer
 26157 | Elf:3    | Killed a ghostly deep elf blademaster
 26171 | Elf:3    | Identified the ring "Fiush" {rN++ Slay+4}
 26171 | Elf:3    | Noticed a deep elf blademaster
 26177 | Elf:3    | Killed a deep elf blademaster
 26189 | Elf:3    | Noticed a deep elf master archer
 26192 | Elf:3    | Killed a deep elf master archer
 26236 | Elf:3    | Identified the +2 quarterstaff "Dragonbane" {flame, *Noise
                  | rF++ Str+4}
 26239 | Elf:3    | Noticed a Hell Sentinel
 26243 | Elf:3    | Identified the +11 long sword "Luby" {speed, rN++}
 26325 | Elf:3    | Found the +3 pair of gauntlets of War {Slay+5}
 26408 | Elf:3    | Identified the +6 great sword "Jyrchura" {protect, rF++}
 26698 | Swamp:1  | Entered Level 1 of the Swamp
 26731 | Swamp:1  | Reached skill level 17 in Fighting
 26930 | Swamp:1  | Identified the +10 orcbow "Oni's Peril" {flame, Will+ MP+9
                  | Str-2 Int+2}
 27439 | Swamp:2  | Reached XP level 18. HP: 161/201 MP: 21/33
 28023 | Swamp:3  | Reached skill level 10 in Invocations
 28705 | Swamp:4  | Entered Level 4 of the Swamp
 28786 | Swamp:4  | Reached skill level 18 in Fighting
 28911 | Swamp:4  | Identified the +5 flail of Egry {venom, SInv}
 29064 | Swamp:4  | Got a decaying rune of Zot
 29601 | Spider:1 | Entered Level 1 of the Spider Nest
 30355 | Spider:2 | Learned a level 4 spell: Iskenderun's Mystic Blast
 30446 | Spider:2 | Reached skill level 19 in Fighting
 30738 | Spider:2 | Noticed Donald
 30752 | Spider:2 | Killed Donald
 30824 | Spider:2 | Reached XP level 19. HP: 207/215 MP: 26/35
 30828 | Spider:2 | Reached skill level 15 in Translocations
 30946 | Spider:2 | Noticed Frances
 30950 | Spider:2 | Killed Frances
 30984 | Spider:2 | Identified the granite talisman of Pawifaiz {Dex+4}
 30984 | Spider:2 | Noticed Roxanne
 30989 | Spider:2 | Killed Roxanne
 32006 | Spider:4 | Entered Level 4 of the Spider Nest
 32029 | Spider:4 | Noticed Arachne
 32039 | Spider:4 | Killed Arachne
 32108 | Spider:4 | Reached skill level 20 in Fighting
 33045 | Spider:4 | Got a gossamer rune of Zot
 33356 | Vaults:1 | Entered Level 1 of the Vaults
 33363 | Vaults:1 | Reached skill level 10 in Armour
 33491 | Vaults:1 | Reached XP level 20. HP: 90/231 MP: 27/36
 33666 | Vaults:1 | Reached skill level 21 in Fighting
 34065 | Vaults:1 | Found a transporter.
 34065 | Vaults:1 | Found Zigo In Fuck's Antique Armour Boutique.
 34085 | Vaults:1 | Found a transporter.
 34170 | Vaults:1 | Noticed Asterion
 34186 | Vaults:1 | Killed Asterion
 34556 | Vaults:1 | Found a roughly hewn altar of Beogh.
 34847 | Vaults:2 | Found Genobrou's Distillery.
 34850 | Vaults:2 | Bought a potion of curing for 51 gold pieces
 34850 | Vaults:2 | Bought a potion of heal wounds for 85 gold pieces
 34850 | Vaults:2 | Bought a potion of mutation for 136 gold pieces
 34850 | Vaults:2 | Bought a potion of heal wounds for 85 gold pieces
 34868 | Vaults:2 | Noticed Zenata
 34875 | Vaults:2 | Killed Zenata
 34960 | Vaults:2 | Reached skill level 22 in Fighting
 35253 | Vaults:2 | Noticed Saint Roka
 35268 | Vaults:2 | Killed Saint Roka
 35491 | Vaults:2 | Reached XP level 21. HP: 106/247 MP: 37/37
 35879 | Vaults:2 | Found a staircase to the Crypt.
 36551 | Vaults:3 | Reached skill level 23 in Fighting
 36967 | Vaults:3 | Paralysed by a hornet for 2 turns
 37004 | Vaults:3 | Noticed Xtahua
 37015 | Vaults:3 | Killed Xtahua
 37026 | Vaults:3 | Reached skill level 24 in Fighting
 37031 | Vaults:3 | Noticed Bai Suzhen
 37518 | Vaults:3 | Killed Bai Suzhen
 37594 | Vaults:3 | Reached XP level 22. HP: 235/263 MP: 38/38
 38127 | Vaults:3 | Identified the +0 plate armour of Fedhas's Pride {-Cast
                  | +Blink rElec rN+}
 38322 | Vaults:4 | Found a flickering gateway to a bazaar.
 38328 | Bazaar   | Entered a bazaar
 38335 | Bazaar   | Found Ickyish's Book Shop.
 38361 | Bazaar   | Found Emosho's Antique Armour Shop.
 38369 | Bazaar   | Bought faintly humming swamp dragon scales for 1430 gold
                  | pieces
 38369 | Bazaar   | Identified the +0 swamp dragon scales "Winerese" {-Tele
                  | rPois rN+ MP+9 Dex+3} (You bought it in a shop in a bazaar)
 38684 | Vaults:4 | Paralysed by a formless jellyfish for 1 turns
 38689 | Vaults:4 | Paralysed by a formless jellyfish for 1 turns
 38947 | Vaults:4 | Reached skill level 25 in Fighting
 39404 | Vaults:4 | Identified the +9 long sword of Bodily Harmony {spect, rF+
                  | rN+ Str+3 Int-4}
 39626 | Crypt:1  | Entered Level 1 of the Crypt
 39645 | Crypt:1  | Noticed Grunn
 39662 | Crypt:1  | Killed Grunn
 39836 | Crypt:1  | Noticed Vv
 39842 | Crypt:1  | Killed Vv
 40464 | Crypt:1  | Identified the orb of Absence {*channel, rPois}
 40464 | Crypt:1  | Noticed Frederick
 40471 | Crypt:1  | Killed Frederick
 41055 | Crypt:2  | Reached XP level 23. HP: 196/246 MP: 39/39
 41068 | Crypt:2  | Reached skill level 26 in Fighting
 41453 | Crypt:3  | Entered Level 3 of the Crypt
 41674 | Crypt:3  | Found an ancient bone altar of Kikubaaqudgha.
 42194 | Crypt:3  | Got Tiaheziuf's Essays on Resplendent Congelation
 42352 | Crypt:3  | Identified the amulet "Tawo" {Reflect rC+ Regen+ Dex-4
                  | SH+5}
 42352 | Crypt:3  | Noticed Khufu
 42352 | Crypt:3  | Identified the ring "Kaigil" {rF+ rN++}
 42359 | Crypt:3  | Identified the staff of the Bespelling Traitor {rN+ Necro
                  | Alchemy}
 42362 | Crypt:3  | Killed Khufu
 42365 | Crypt:3  | Found a staircase to the Tomb.
 42449 | Crypt:3  | Identified the ring "Suelas" {Fly rN++ Stlth+}
 42465 | Crypt:3  | Got Byoperag's Anthology of the Catacomb
 42528 | Crypt:3  | Identified the +0 short sword of the Sky {spect, rCorr
                  | Dex+4}
 42963 | Depths:1 | Entered Level 1 of the Depths
 43054 | Depths:1 | Found an iron altar of Okawaru.
 43186 | Depths:1 | Found a one-way gate leading to the halls of Pandemonium.
 43331 | Depths:1 | Identified the +4 short sword of Wisdom {vamp, Str+3}
 43571 | Depths:1 | Found Egerch's Magic Scroll Shoppe.
 43577 | Depths:1 | Bought a scroll of fog for 68 gold pieces
 43577 | Depths:1 | Bought a scroll of fog for 68 gold pieces
 43577 | Depths:1 | Bought a scroll of blinking for 127 gold pieces
 43577 | Depths:1 | Bought a scroll of poison for 68 gold pieces
 43577 | Depths:1 | Bought a scroll of revelation for 127 gold pieces
 43577 | Depths:1 | Bought a scroll of poison for 68 gold pieces
 43577 | Depths:1 | Bought a scroll of blinking for 127 gold pieces
 43577 | Depths:1 | Bought a scroll of teleportation for 51 gold pieces
 43782 | Depths:1 | Found a gateway to Hell.
 44170 | Depths:2 | Found a one-way gateway to a ziggurat.
 44193 | Depths:2 | Reached skill level 27 in Fighting
 44490 | Depths:2 | Reached XP level 24. HP: 287/295 MP: 39/39
 44656 | Depths:2 | Found a one-way gate to the infinite horrors of the Abyss.
 44946 | Depths:3 | Reached skill level 10 in Throwing
 45100 | Depths:3 | Identified the ring "Noykhla" {Will+ SInv}
 45232 | Depths:3 | Reached skill level 15 in Armour
 45298 | Depths:3 | Got the Commentary on Ozone
 45302 | Depths:3 | Identified the +2 scimitar of Wonwofaiph {speed, Will+
                  | Int+4}
 45486 | Depths:3 | Noticed Margery
 45500 | Depths:3 | Killed Margery
 46327 | Depths:4 | Entered Level 4 of the Depths
 46604 | Depths:4 | Noticed a juggernaut
 46610 | Depths:4 | Killed a juggernaut
 46635 | Depths:4 | Noticed a juggernaut
 46643 | Depths:4 | Killed a juggernaut
 46644 | Depths:4 | Noticed a caustic shrike
 46647 | Depths:4 | Noticed a caustic shrike
 46647 | Depths:4 | Noticed a caustic shrike
 46650 | Depths:4 | Killed a caustic shrike
 46650 | Depths:4 | Killed a caustic shrike
 46650 | Depths:4 | Killed a caustic shrike
 46778 | Depths:4 | Noticed a juggernaut
 46795 | Depths:4 | Killed a juggernaut
 46896 | Abyss:2  | Cast into level 2 of the Abyss (hell knight)
 47365 | Depths:4 | Escaped the Abyss
 47696 | Depths:4 | Found a gate to the Realm of Zot.
 47713 | Depths:4 | Reached XP level 25. HP: 234/302 MP: 39/39
 47856 | Depths:3 | Identified the +6 quarterstaff "Osaihua" {freeze, *Corrode
                  | rElec rF++ Dex+3 Stlth-}
 48252 | Slime:1  | Entered Level 1 of the Pits of Slime
 48470 | Slime:5  | Entered Level 5 of the Pits of Slime
 48492 | Slime:5  | Gained mutation: Your spells are a little harder to cast,
                  | but a little more powerful. [a shining eye]
 48498 | Slime:5  | Noticed the Royal Jelly
 48511 | Slime:5  | Killed the Royal Jelly
 48679 | Slime:5  | Found the macabre finger necklace {Finger+ rN+}
 48679 | Slime:5  | Found the +7 captain's cutlass {speed, disarm}
 48680 | Slime:5  | Found the ring of the Octopus King
 48730 | Slime:5  | Got a slimy rune of Zot
 48752 | Slime:5  | Lost mutation: Your spells are a little harder to cast, but
                  | a little more powerful. [a shining eye]
 48767 | Slime:5  | Identified a ring of the Octopus King {HP+2 MP+9 AC+2 EV+2
                  | SH+2}
 48776 | Slime:5  | Identified the amulet of Xom's Benevolence {Regen+ MP+9
                  | SInv}
 48795 | Slime:5  | Identified the +7 sling of Huikoty {drain, rPois Stlth+}
 48845 | Slime:5  | Identified the +0 robe of Sin {rElec Dex+5}
 49334 | Zig:1    | Entered Level 1 of a ziggurat
 49355 | Zig:2    | Entered Level 2 of a ziggurat
 49393 | Zig:3    | Entered Level 3 of a ziggurat
 49396 | Zig:3    | Noticed an orb of fire
 49406 | Zig:3    | Killed an orb of fire
 49457 | Zig:4    | Entered Level 4 of a ziggurat
 49506 | Zig:4    | Got the Anthology of the Invisible Places
 49512 | Zig:5    | Entered Level 5 of a ziggurat
 49581 | Zig:5    | Identified the +1 falchion "Arottaf" {flame, Int+3}
 49588 | Zig:6    | Entered Level 6 of a ziggurat
 49658 | Zig:6    | Identified the amulet of the Robin {Fly RegenMP+ rCorr
                  | Str+2}
 49662 | Zig:6    | Identified the +1 trident "Opaipevy" {protect, rF+ rN+
                  | Str+4}
 49675 | Zig:7    | Entered Level 7 of a ziggurat
 49879 | Zig:8    | Entered Level 8 of a ziggurat
 49933 | Zig:8    | Acquired a Grand Grimoire
 49938 | Zig:8    | Reached XP level 26. HP: 314/314 MP: 39/39
 49966 | Zig:9    | Entered Level 9 of a ziggurat
 50147 | Zig:9    | Identified the staff "Kokkissu" {rElec rPois Will- Str-3
                  | Tloc Alchemy}
 50149 | Zig:9    | Got Sif Muna's Handbook of Energetic Oromancy
 50152 | Zig:9    | Identified the +4 dagger of Drought {flame, rF+ Int-4
                  | Dex+6}
 50154 | Zig:9    | Identified the +6 mace of Wisoso {drain, Stlth+}
 50172 | Zig:10   | Entered Level 10 of a ziggurat
 50179 | Zig:10   | Found the +7 mace of Variability {chaos, chaos arc}
 50375 | Zig:10   | Identified the +0 whip "Resou" {flame, rF+ rC+ rCorr}
 50400 | Zig:10   | Learned a level 5 spell: Summon Forest
 50407 | Zig:11   | Entered Level 11 of a ziggurat
 50414 | Zig:11   | Noticed a royal mummy
 50415 | Zig:11   | Reached skill level 1 in Evocations
 50425 | Zig:11   | Killed a royal mummy
 50426 | Zig:11   | Noticed a royal mummy
 50442 | Zig:11   | Killed a royal mummy
 50527 | Zig:11   | Identified the ring of Zoibryuf {Fire *Corrode Fly Str-4
                  | Dex+3}
 50532 | Zig:11   | Identified the +8 mace of the Evening {flame, rPois Will+
                  | Str+4 Stlth+}
 50545 | Zig:12   | Entered Level 12 of a ziggurat
 50604 | Zig:12   | Reached XP level 27. HP: 102/323 MP: 23/39
 50736 | Zig:12   | Found the dreamshard necklace {Acrobat *Dream}
 50752 | Zig:12   | Identified the staff "Rofroll" {rF+ Dex+6 Fire}
 50762 | Zig:12   | Identified the +1 cloak of Viphil {+Inv rElec rF- Str+5}
 50788 | Zig:13   | Entered Level 13 of a ziggurat
 50845 | Zig:13   | Paralysed by an air elemental for 1 turns
 50973 | Zig:13   | Found the +1 eveningstar "Brilliance" {foul flame, Umbra}
 50985 | Zig:13   | Identified the ring of Geehi {rC- Str+6 Int+3 Stlth+}
 51006 | Zig:13   | Identified the staff of Karma {Will- Str+3 Dex+4 Conj}
 51022 | Zig:14   | Entered Level 14 of a ziggurat
 51229 | Zig:14   | Found the +7 sceptre of Torment {pain, torment}
 51236 | Zig:14   | Identified the amulet of Gozag's Reproof {Reflect rC++
                  | Will- SH+5}
 51246 | Zig:14   | Identified the +5 trident "Momixzur" {holy, Will- Dex+7}
 51251 | Zig:14   | Got Illatoy's Parchment of the Four Persimmons
 51264 | Zig:14   | Got the Monograph on Injurious Points
 51288 | Zig:14   | Learned a level 8 spell: Disjunction
 51290 | Zig:15   | Entered Level 15 of a ziggurat
 51300 | Zig:15   | Noticed Porharalle the pandemonium lord
 51303 | Zig:15   | Noticed Bur Vyas the pandemonium lord
 51308 | Zig:15   | Noticed Ecaedd the pandemonium lord
 51308 | Zig:15   | Noticed Eto Afuor the pandemonium lord
 51308 | Zig:15   | Noticed Cilif the pandemonium lord
 51309 | Zig:15   | Noticed Ovunaaff the pandemonium lord
 51312 | Zig:15   | HP: 5/323 [+0 heavy giant club (30)]
 51312 | Zig:15   | Annihilated by a +0 heavy giant spiked club

Illustrated notes

Levels and vault maps discovered:
D:1:      onia_arrival_zoo_common, layout_rooms,
          dreamdust_ecumenical_altar_drowned_temple, dreamdust_wishing_well,
          nicolae_kite_square_tiling_tiny, skrybe_limestone_x,
          minmay_misc_feat_alley
D:2:      layout_loops_cross, minmay_split_cup_large
D:3:      layout_loops_ring, slow_altar_1, tgw_kikubaaqudgha, minitemple
D:4:      layout_loops_corners, uniq_eustachio, uniq_natasha, uniq_blork_the_orc
D:5:      layout_cave_pools, elyvilon_altar_5, nzn_hepliaklqana_mist_gate,
          hangedman_decor_points
D:6:      layout_basic, nicolae_overflow_crystal_walls, serial_curves,
          eino_curves_02, eino_curves_02, uniq_crazy_yiuf_cottage
D:7:      layout_layer_cave, minmay_temple_entry_nine_rooms, kennysheep_nub,
          solitary_fountain
D:8:      layout_rooms, grunt_temple_overflow_order_and_chaos_2,
          mainiacjoe_overflow_six_doors_small, serial_shops,
          nicolae_shop_behind_doors, gammafunk_ghost_arena,
          nicolae_shop_distant_corner_stores, uniq_gastronok, uniq_joseph
D:9:      nicolae_whirlpool, layout_loops_ring, mainiacjoe_overflow_chevrons,
          lair_entry_dummy
D:10:     layout_loops_ring, grunt_temple_overflow_open, orc_david_3,
          enter_bailey_8
D:11:     layout_irregular_city, serial_shops, nicolae_shop_gibbet_a_chance,
          shop, shop, nicolae_stop_n_shop_1, nicolae_shop_tiny_glass,
          hive_lemuel
D:12:     layout_loops_ring, portal_ice_cave_entry_ice_simulacra
D:13:     layout_long_grid, hellmonk_vaults_attempted_burglary,
          beargit_elvish_explorers, uniq_azrael
D:14:     layout_rooms, nicolae_ru_awakened_eye, grunt_decor_cap,
          hangedman_decor_lopped
D:15:     grunt_enter_depths_snipers, layout_basic,
          nicolae_qazlal_scattered_showers
Lair:1:   layout_regular_city, serial_bayou_lagoon_b, lemuel_fruit_tree
Lair:2:   layout_long_grid, nicolae_swamp_entry_splash_gauntlet,
          grunt_forest_large_clearings
Lair:3:   layout_hall_layers, nicolae_spider_entry_orb_guardian,
          beast_lair_carwin_4
Lair:4:   layout_regular_city
Lair:5:   grunt_lair_end_beastmaster, layout_gridlike,
          dpeg_slime_entry_enclosed, nicolae_volcano_entry_lava_flow,
          lemuel_fruit_fields
Swamp:1:  layout_falls_marsh, nicolae_swamp_well_well_well,
          nicolae_swamp_tree_isthmus
Swamp:2:  layout_basic_swamp, hangedman_swamp_diagram, swamp_pool_4,
          infiniplex_staircase_pool_2
Swamp:3:  layout_basic_swamp, evilmike_swamp_ruin_rubble_2, swamp_pool_1_2,
          nicolae_swamp_decorative_isthmus
Swamp:4:  swamp_basic_johnstein, layout_basic_swamp
Spider:1: layout_spider_delve, nicolae_spider_scorpion_nest
Spider:2: layout_cave_pods, hangedman_spider_tarantella_strand, uniq_roxanne,
          uniq_donald, uniq_frances
Spider:3: layout_spider_delve
Spider:4: guppyfry_spider_rune, drop_trap, uniq_arachne
Slime:1:  layout_caves, nicolae_slime_getting_an_eyeful
Slime:2:  layout_caves, nicolae_slime_rock_hall_of_fame
Slime:3:  layout_caves
Slime:4:  cheibrodos_slime_lost_civilization_2, layout_caves
Slime:5:  slime_pit
Orc:1:    layout_diamond_mine, basic_altar, uniq_jorgrun
Orc:2:    grunt_orc_gardens, layout_caves, grunt_orc_garden, grunt_orc_garden,
          grunt_orc_garden, grunt_orc_garden
Elf:1:    layout_geoelf_octagon, minmay_elf_sorcery
Elf:2:    elven_hall_of_blades_hangedman_original
          [nicolae_blade_entry_diamond_columns], layout_geoelf_octagon
Elf:3:    elf_hall_gauntlet_narrow, layout_loops_corners, serial_shops,
          nicolae_shop_pleasant_corner_grove, lemuel_flamethrower_2,
          minmay_shop_grove
Vaults:1: nicolae_vaults_alarming, nicolae_vaults_heart-shaped_vault,
          nicolae_vaults_theta, nicolae_vaults_diamond_2,
          lightli_church_of_beogh, ontoclasm_vaults_ring_small,
          nicolae_vaults_trapezoid_lopsided_4, vaults_mumra_minichess_inversion,
          nicolae_vaults_wrenched, nicolae_vaults_trapezoid_3,
          nicolae_vaults_layer_cake_slice, vaults_room_corners,
          nicolae_vaults_mini_display_case, layout_vaults_ring, serial_shops,
          nicolae_shop_drivethru, uniq_asterion
Vaults:2: nicolae_vaults_double_plus_2, v_misc_3, hangedman_vaults_trim,
          v_misc_13, v_misc_27, minmay_crypt_entry_simple_walls,
          vaults_room_corners, vaults_room_ringed_pool, vaults_room_corners,
          nicolae_vaults_mitosis, serial_library_hellmonk_semicircle,
          nicolae_vaults_trapezoid_1, nicolae_vaults_little_squares_4,
          v_misc_17, layout_vaults_big_room, serial_shops,
          nicolae_shop_tiny_real_fake_doors, uniq_zenata, uniq_saint_roka
Vaults:3: nicolae_vaults_bisected_slash, v_rooms_5, nicolae_vaults_network_s,
          ontoclasm_vaults_shuriken, nicolae_vaults_heart-shaped_vault,
          nicolae_vaults_closet_pinwheel_6, st_greater_box_3, vaults_dpeg_hooks,
          grunt_vaults_diagonal, nicolae_vaults_theta,
          nicolae_vaults_angled_halls, nicolae_vaults_trapezoid_2,
          dpeg_vaults_monster_box, nicolae_vaults_specimen_jars,
          vaults_dpeg_diagonal, nicolae_vaults_diamond_1,
          nicolae_vaults_tetromino_Z_2, layout_vaults_omnicross, uniq_xtahua,
          uniq_bai_suzhen
Vaults:4: nicolae_vaults_twisting_passages, nicolae_vaults_diamond_2,
          nicolae_vaults_closet_pinwheel_2, v_misc_15,
          vaults_standard_mumra_lines, nicolae_vaults_shipping_containers_2,
          vaults_mumra_chevron, grunt_vaults_hallway_short,
          nicolae_vaults_circle_grid_b, nicolae_vaults_little_squares_5,
          nicolae_vaults_shelves_hall, nicolae_vaults_diamond_1,
          ontoclasm_vaults_eye, layout_vaults_omnibox, serial_shops,
          bzr_entry_road
Crypt:1:  layout_chaotic_city, lemuel_nasty_fountain, grunt_crypt_arrival_split,
          uniq_vv, uniq_frederick, uniq_grunn
Crypt:2:  layout_misc_corridors, palyth_stone_intersect, grunt_ministairs_5,
          roderic_lattice_octagonal_star
Crypt:3:  grunt_crypt_end_deaths_head
Depths:1: layout_cave_shapes, grunt_hell_entry_dis_grunt,
          rand_demon_pan_entry_3, chequers_serial_rivers_large_b, serial_shops,
          nicolae_shop_rolling_square, chequers_serial_rivers_micro_e,
          okawaru_gym_becter
Depths:2: minmay_isolated_rectangles_in_corner, layout_small_grid,
          enter_ziggurat_c, abyss_entry_crystal, rand_demon_pan_entry_4,
          hell_entry, corexii_hall_statues_l
Depths:3: cheibrodos_poisonous_passages, layout_gridlike, hellmouth_1,
          nicolae_water_bricks, abyss_entry_small_statue_room,
          kennysheep_generic_room_6, firewood_loft,
          minmay_staircase_windowed_small, grunt_megastairs_2, uniq_margery
Depths:4: evilmike_zot_entry_round, layout_cave_pools,
          hangedman_abyss_or_decor_passed, serial_column_ruins,
          column_ruins_square_small, column_ruins_open_tiny,
          column_ruins_grid_1, column_ruins_corridor_straight,
          column_ruins_open_tiny, column_ruins_corridor_plus,
          column_ruins_corridor_T, column_ruins_open_tiny, hell_entry,
          hangedman_corner_corridor
Zig:15:   ziggurat_pillar_centre_armed, ziggurat_pillar_centre_armed,
          ziggurat_pillar_centre_armed, ziggurat_pillar_centre_armed

Skill      XL: |  1  2  3  4  5  6  7  8  9 10 11 12 13 14 15 16 17 18 19 20 21 22 23 24 25 26 27 |
---------------+----------------------------------------------------------------------------------+-----
Fighting       | 3 4 5 6 7 9 10 11 12 13 14 16 17 19 20 22 24 25 27 | 27.0
Maces & Flails | 3 4 5 6 8 9 10 12 15 16 17 18 19 20 21 22 23 24 25 | 25.0
Throwing       | 2 3 4 5 6 7 8 9 11 12 13 | 13.6
Translocations | 3 4 6 7 8 10 12 13 14 15 16 17 18 19 | 19.8
Spellcasting   | 4 5 6 7 8 9 10 11 12 13 | 13.0
Invocations    | 1 4 6 7 8 9 10 | 10.0
Armour         | 3 4 5 7 8 9 10 11 12 13 14 16 17 18 | 18.7
Dodging        | 4 5 |  5.2
Air Magic      | 3 4 5 |  5.0
Evocations     | 1 3 |  3.6

Action                     |  1- 3 |  4- 6 |  7- 9 | 10-12 | 13-15 | 16-18 | 19-21 | 22-24 | 25-27 || total
---------------------------+-------+-------+-------+-------+-------+-------+-------+-------+-------++-------
  Melee: Mace              |   128 |    95 |       |       |       |       |       |       |       ||   223
         Headbutt          |    12 |    22 |    70 |    82 |   137 |   170 |   251 |   330 |   109 ||  1183
         Whip              |     2 |       |       |       |       |       |       |       |       ||     2
         Flail             |       |     8 |   361 |   187 |       |       |       |       |       ||   556
         Giant spiked club |       |       |       |   235 |   669 |   735 |   961 |  1228 |   395 ||  4223
  Throw: Dart              |     2 |    16 |    44 |    52 |    23 |       |       |       |       ||   137
         Javelin           |     1 |     4 |     2 |     8 |    10 |    13 |       |       |    26 ||    64
         Boomerang         |       |     3 |     3 |     9 |    41 |   182 |    10 |     5 |       ||   253
         Large rock        |       |       |       |       |       |     3 |       |    55 |    56 ||   114
   Cast: Blink             |       |     1 |       |       |       |       |       |       |       ||     1
         Lesser Beckoning  |       |       |       |     1 |       |       |       |       |       ||     1
         Vhi's Electric Ch |       |       |       |       |    26 |    56 |    27 |    31 |    23 ||   163
         Maxwell's Portabl |       |       |       |       |       |     3 |       |     1 |     1 ||     5
 Invoke: Slouch            |       |       |       |       |     3 |    10 |     8 |    10 |     8 ||    39
  Evoke: Wand              |       |       |     2 |    13 |       |     1 |     2 |       |     1 ||    19
         Lightning rod     |       |       |       |       |       |     4 |     5 |       |     5 ||    14
         Tin of tremorston |       |       |       |       |       |       |       |     1 |     3 ||     4
    Use: Potion            |       |       |     1 |     2 |     4 |     2 |    14 |     5 |     9 ||    37
         Scroll            |       |       |    11 |     9 |    12 |     7 |     4 |     5 |    11 ||    59
   Stab: Sleeping          |       |     1 |       |       |       |       |       |       |       ||     1
         Distracted        |       |       |       |       |       |       |       |     1 |       ||     1
         Petrified         |       |       |       |       |       |       |       |       |     8 ||     8
         Petrifying        |       |       |       |       |       |       |       |       |     1 ||     1
 Armour: Robe              |   120 |    60 |   308 |   154 |       |       |       |       |       ||   642
         Acid dragon scale |       |       |       |   115 |   277 |       |       |       |       ||   392
         Troll leather arm |       |       |       |    91 |       |       |       |       |       ||    91
         Gold dragon scale |       |       |       |       |   337 |  1075 |  1329 |  1461 |   769 ||  4971
         Skin              |       |       |       |       |       |       |       |       |   108 ||   108
  Dodge: Dodged            |    64 |    39 |   147 |   168 |   454 |   457 |   623 |   714 |   369 ||  3035
  Block: Other             |       |    21 |    92 |    85 |   131 |       |       |   102 |    26 ||   457
         Reflection        |       |       |     2 |     3 |     9 |       |       |     1 |       ||    15

Table legend: (Time is in decaauts)
 A = Elapsed time spent in this place.
 B = Non-inter-level travel time spent in this place.
 C = Inter-level travel time spent in this place.
 D = Time resting spent in this place.
 E = Time spent auto-exploring this place.
 F = Levels seen in this place.
 G = Mean time per level.
                   A        B        C        D        E       F      G
               +--------+--------+--------+--------+--------+-----+--------+
         Total |  74880 |  65731 |   9149 |   1063 |  52046 |  69 | 1085.2 |
       Dungeon |  19159 |  16003 |   3156 |    383 |  13033 |  15 | 1277.3 |
          Lair |   7961 |   6419 |   1542 |    246 |   5178 |   5 | 1592.2 |
         Swamp |   4576 |   4334 |    242 |     62 |   3661 |   4 | 1144.0 |
   Spider Nest |   5789 |   5473 |    316 |     19 |   4720 |   4 | 1447.2 |
    Slime Pits |    993 |    810 |    183 |     48 |    341 |   5 |  198.6 |
  Orcish Mines |   2716 |   2470 |    246 |    112 |   1967 |   2 | 1358.0 |
   Elven Halls |   5731 |   5043 |    688 |     57 |   3966 |   3 | 1910.3 |
        Vaults |   9894 |   9014 |    880 |    124 |   7351 |   4 | 2473.5 |
         Crypt |   4804 |   4394 |    410 |      0 |   3492 |   3 | 1601.3 |
        Depths |   7745 |   6264 |   1481 |      0 |   5304 |   4 | 1936.2 |
         Abyss |    712 |    712 |      0 |      0 |    548 |   1 |  712.0 |
      Ziggurat |   2458 |   2458 |      0 |      2 |   1399 |  15 |  163.9 |
        Bazaar |    111 |    111 |      0 |      0 |     74 |   1 |  111.0 |
        Bailey |    584 |    584 |      0 |      1 |    146 |   1 |  584.0 |
      Ice Cave |    898 |    898 |      0 |      7 |    598 |   1 |  898.0 |
       Volcano |    740 |    740 |      0 |      0 |    265 |   1 |  740.0 |
               +--------+--------+--------+--------+--------+-----+--------+

Top non-repeatable levels by time:
   Elf:3: 3182 daAuts
Vaults:3: 2997 daAuts
Vaults:2: 2600 daAuts
Depths:3: 2413 daAuts
Vaults:1: 2362 daAuts
    D:13: 2346 daAuts
  Lair:5: 2137 daAuts
Depths:2: 2052 daAuts
  Lair:2: 1987 daAuts
Vaults:4: 1933 daAuts
    D:15: 1819 daAuts
   Elf:1: 1802 daAuts
 Crypt:3: 1785 daAuts
Spider:2: 1738 daAuts
 Crypt:1: 1721 daAuts
